[Event "Titled Tuesday Blitz July 11 Early 2023"]
[White "Keymer, Vincent"]
[Black "Pham, Le Thao Nguyen"]
[WhiteFideId "12940690"]
[BlackFideId "12401226"]
[WhiteElo "2921"]
[BlackElo "2522"]
[Result "1-0"]
[Round "2"]
[TimeControl "180+2"]
[Date "2023.07.11"]
[WhiteClock "0:01:49"]
[BlackClock "0:00:00"]
[Board "107"]

1. a3 d5 2. Nf3 Nf6 3. e3 c6 4. c4 Bf5 5. b4 e6 6. Bb2 Nbd7 7. Be2 h6 8. O-O Be7 9. Nc3 O-O 10. Rc1 Bh7 11. d3 a5 12. b5 c5 13. Na4 b6 14. d4 Rc8 15. h3 Re8 16. cxd5 exd5 17. Nc3 c4 18. Ne5 Bd6 19. Nc6 Qc7 20. Bf3 Be4 21. Bxe4 dxe4 22. Qe2 Nb8 23. d5 Nxc6 24. dxc6 Qe7 25. Rfd1 Qe5 26. g3 Bc7 27. Nd5 Qf5 28. Bxf6 gxf6 29. Qg4+ Qxg4 30. hxg4 Kg7 31. Rxc4 Re5 32. a4 1-0


[Site "https://www.chess.com"]

[Event "Titled Tuesday Blitz July 11 Early 2023"]
[White "Taboas Rodriguez, Daniel"]
[Black "Zakhartsov, Vladimir"]
[WhiteFideId "2208466"]
[BlackFideId "4145097"]
[WhiteElo "2512"]
[BlackElo "2906"]
[Result "0-1"]
[Round "2"]
[TimeControl "180+2"]
[Date "2023.07.11"]
[WhiteClock "0:00:46"]
[BlackClock "0:00:34"]
[Board "108"]

1. d4 Nf6 2. Nf3 d5 3. c4 e6 4. Bg5 Nbd7 5. e3 Be7 6. Nc3 c6 7. Bd3 O-O 8. O-O dxc4 9. Bxc4 b5 10. Bd3 Bb7 11. Qc2 Rc8 12. Rac1 c5 13. Bxf6 Nxf6 14. dxc5 Bxf3 15. gxf3 Rxc5 16. Bxb5 Nd5 17. Be2 Nxc3 18. bxc3 Bd6 19. f4 e5 20. f5 Qh4 21. e4 Be7 22. Kh1 Bg5 23. Qd3 Bxc1 24. Rxc1 Qxf2 25. Rf1 Qh4 26. Rd1 h6 27. c4 Rcc8 28. Qe3 Rfd8 29. Rd5 Rb8 30. Kg2 Qe1 31. Qd3 Rxd5 32. cxd5 Rb2 33. Kf3 Qh1+ 34. Kg3 Qg1+ 35. Kf3 Qxh2 36. d6 Qf4+ 37. Kg2 Qg4+ 38. Kf2 Rxe2+ 39. Qxe2 Qxe2+ 40. Kxe2 Kf8 41. Kd3 Ke8 42. Kc4 Kd7 43. Kd5 f6 44. Kc5 h5 0-1


[Site "https://www.chess.com"]

[Event "Titled Tuesday Blitz July 11 Early 2023"]
[White "Ocelak, Jakub"]
[Black "Kravtsiv, Martyn"]
[WhiteFideId "23707933"]
[BlackFideId "14113147"]
[WhiteElo "2458"]
[BlackElo "2828"]
[Result "1-0"]
[Round "2"]
[TimeControl "180+2"]
[Date "2023.07.11"]
[WhiteClock "0:00:37"]
[BlackClock "0:01:27"]
[Board "109"]

1. d4 e6 2. Nc3 d5 3. Bf4 Ne7 4. e3 h6 5. Nf3 Nf5 6. g4 Nd6 7. h4 b6 8. Ne5 Bb7 9. Qf3 Nd7 10. O-O-O Qe7 11. Nb5 Nxe5 12. Bxe5 Nxb5 13. Bxb5+ c6 14. Bd3 O-O-O 15. g5 hxg5 16. hxg5 Rxh1 17. Rxh1 c5 18. c3 c4 19. Bc2 b5 20. a3 a5 21. Rh7 b4 22. axb4 axb4 23. Bxg7 bxc3 24. bxc3 Qa3+ 25. Kd2 Bb4 26. cxb4 Ba6 27. Be5 Qxb4+ 28. Kd1 Qb2 29. Qxf7 Qa1+ 30. Ke2 c3+ 31. Kf3 1-0


[Site "https://www.chess.com"]

[Event "Titled Tuesday Blitz July 11 Early 2023"]
[White "Nasuta, Grzegorz"]
[Black "Novikov, Evgenij"]
[WhiteFideId "1141686"]
[BlackFideId "4125380"]
[WhiteElo "2749"]
[BlackElo "2487"]
[Result "1-0"]
[Round "2"]
[TimeControl "180+2"]
[Date "2023.07.11"]
[WhiteClock "0:00:14"]
[BlackClock "0:00:25"]
[Board "110"]

1. e4 c6 2. d4 d5 3. Nc3 dxe4 4. Nxe4 Nf6 5. Nxf6+ exf6 6. c3 Bd6 7. Bd3 O-O 8. Ne2 Re8 9. O-O Nd7 10. Ng3 Nf8 11. Nf5 Bc7 12. Qg4 Ng6 13. h4 Bxf5 14. Bxf5 Qd6 15. g3 Qd5 16. h5 Ne7 17. Bc2 f5 18. Qh4 f4 19. Bxf4 Bxf4 20. Qxf4 Qxh5 21. Bd1 Qb5 22. Qd2 Rad8 23. b4 Rd6 24. Re1 Qd5 25. Qf4 Rf6 26. Rxe7 Qd8 27. Rxe8+ Qxe8 28. Qd2 Qe4 29. Qe3 1-0


[Site "https://www.chess.com"]

[Event "Titled Tuesday Blitz July 11 Early 2023"]
[White "Matinian, Nikita"]
[Black "Fule, Simon"]
[WhiteFideId "24129100"]
[BlackFideId "787515"]
[WhiteElo "2703"]
[BlackElo "2398"]
[Result "1-0"]
[Round "2"]
[TimeControl "180+2"]
[Date "2023.07.11"]
[WhiteClock "0:00:45"]
[BlackClock "0:00:00"]
[Board "111"]

1. e4 e5 2. Nf3 Nc6 3. Bb5 a6 4. Ba4 Nf6 5. O-O Be7 6. d3 b5 7. Bb3 O-O 8. Nc3 d6 9. a3 Na5 10. Ba2 c5 11. Bg5 Nc6 12. a4 b4 13. Bxf6 Bxf6 14. Nd5 Be6 15. a5 g6 16. c3 Bg7 17. Qa4 Nxa5 18. cxb4 cxb4 19. Nxb4 Bxa2 20. Rxa2 Nb7 21. Nc6 Qd7 22. b4 Rfc8 23. Rc1 Nd8 24. b5 Ne6 25. bxa6 Nc5 26. Rxc5 dxc5 27. Ncxe5 Qxa4 28. Rxa4 Bxe5 29. Nxe5 Rc7 30. g4 f6 31. Nc4 Rca7 32. Ra5 Rxa6 33. Rxc5 Rd8 34. g5 fxg5 35. Ne5 Re6 36. Kg2 Kg7 37. Rc7+ Kg8 38. Rc5 Kg7 39. Kf3 Kf6 40. Ng4+ Ke7 41. Ke3 Red6 42. Ne5 Re6 43. Nc6+ Rxc6 44. Rxc6 Rd7 45. d4 Rb7 46. e5 h6 47. d5 Rb5 48. Kd4 Rb4+ 49. Kc5 Rf4 50. Rc7+ Kd8 51. d6 Rxf2 52. e6 1-0


[Site "https://www.chess.com"]

[Event "Titled Tuesday Blitz July 11 Early 2023"]
[White "JonSnowNW1"]
[Black "Liyanage, Ranindu Dilshan"]
[BlackFideId "9915834"]
[WhiteElo "2426"]
[BlackElo "2656"]
[Result "0-1"]
[Round "2"]
[TimeControl "180+2"]
[Date "2023.07.11"]
[WhiteClock "0:00:00"]
[BlackClock "0:00:54"]
[Board "112"]

1. c4 e5 2. Nc3 Nf6 3. g3 c6 4. Nf3 e4 5. Nd4 d5 6. cxd5 cxd5 7. d3 Bc5 8. e3 O-O 9. Bg2 Bxd4 10. exd4 Bg4 11. Qc2 Nc6 12. Be3 Nb4 13. Qd2 Nxd3+ 14. Kf1 Rc8 15. h3 Bf5 16. Kg1 Qb6 17. Rb1 Qc7 18. a3 a6 19. g4 Be6 20. Bf1 Nxb2 21. Nxe4 Nxe4 22. Qxb2 b5 23. Bd3 f5 24. gxf5 Bxf5 25. Rh2 Rf6 26. Rg2 Bxh3 27. Rh2 Rg6+ 28. Kh1 Bg4 29. Be2 Bxe2 30. Qxe2 Nc3 31. Qh5 Nxb1 32. Qxh7+ Kf7 33. Rh5 Qc2 34. Rxd5 Qe4+ 0-1


[Site "https://www.chess.com"]

[Event "Titled Tuesday Blitz July 11 Early 2023"]
[White "Kuzhilniy, Oleksandr"]
[Black "Rosh Jain"]
[WhiteFideId "34110500"]
[BlackFideId "25789465"]
[WhiteElo "2632"]
[BlackElo "2371"]
[Result "0-1"]
[Round "2"]
[TimeControl "180+2"]
[Date "2023.07.11"]
[WhiteClock "0:00:35"]
[BlackClock "0:01:08"]
[Board "113"]

1. b3 d5 2. Bb2 e6 3. Nf3 Nf6 4. e3 b6 5. d4 Bb7 6. Bd3 Bd6 7. O-O Nbd7 8. Nbd2 O-O 9. c4 c5 10. Rc1 Rc8 11. Qe2 Qe7 12. Rfd1 Rfd8 13. h3 h6 14. Bb1 Bb8 15. cxd5 Nxd5 16. Nc4 N7f6 17. dxc5 bxc5 18. Na5 Ba8 19. Ne5 Nb4 20. Rxd8+ Rxd8 21. a3 Bxe5 22. Bxe5 Nc6 23. Nxc6 Bxc6 24. Qb2 Bd5 25. Qc3 Rc8 26. Bxf6 Qxf6 27. Qxf6 gxf6 28. Rc3 a5 29. Bd3 Rb8 30. Bc2 Rc8 31. Kf1 f5 32. g3 Kg7 33. Ke1 Kf6 34. Kd2 Ke5 35. Kc1 Kd6 36. Bd3 Rb8 37. Kc2 f6 38. Bc4 Bg2 39. Rd3+ Ke7 40. Kc3 Bxh3 41. a4 Bg2 42. Bb5 Bd5 43. f4 Rg8 44. Bc4 Be4 45. Rd1 Rxg3 46. Bb5 Rxe3+ 47. Kc4 Bd5+ 48. Kxc5 Rxb3 49. Kb6 h5 50. Kxa5 h4 51. Rd2 h3 52. Rh2 Bg2 53. Kb6 e5 54. Kc5 exf4 55. a5 f3 56. a6 Ra3 57. Kb6 f2 58. a7 f1=Q 59. Bxf1 Bxf1 60. Rd2 Bg2 61. Re2+ Kf7 62. Rf2 f4 63. Rc2 Rxa7 64. Kxa7 f3 65. Kb6 Kg6 66. Kc5 Kf5 67. Kd4 Kf4 0-1


[Site "https://www.chess.com"]

[Event "Titled Tuesday Blitz July 11 Early 2023"]
[White "Silva, Pedro Gil Ferreira Da"]
[Black "Niekras, Dawid"]
[WhiteFideId "1946102"]
[BlackFideId "1160451"]
[WhiteElo "2378"]
[BlackElo "2623"]
[Result "1/2-1/2"]
[Round "2"]
[TimeControl "180+2"]
[Date "2023.07.11"]
[WhiteClock "0:00:22"]
[BlackClock "0:00:05"]
[Board "114"]

1. e4 c5 2. Nf3 d6 3. c3 Nf6 4. h3 Nc6 5. Bd3 e5 6. Bc2 d5 7. exd5 Qxd5 8. d3 Be7 9. O-O O-O 10. Re1 Bf5 11. Qe2 Rfe8 12. Nbd2 Rad8 13. Ne4 Bg6 14. a4 b6 15. Bg5 Nxe4 16. dxe4 Qe6 17. Be3 Na5 18. Nd2 h6 19. Red1 Rd7 20. Nf1 Red8 21. Rxd7 Rxd7 22. Rd1 Rxd1 23. Qxd1 Qd6 24. Qxd6 Bxd6 25. Nd2 Kf8 26. f3 Ke7 27. Kf2 f6 28. g3 Bf7 29. f4 Kd7 30. f5 Kc6 31. h4 a6 32. g4 b5 33. axb5+ axb5 34. g5 hxg5 35. hxg5 c4 36. g6 Be8 37. b4 cxb3 38. Bxb3 Bc5 39. Bf7 Bd7 40. Nb3 Nxb3 41. Bxb3 Bxe3+ 42. Kxe3 Kc5 43. Kd3 b4 44. cxb4+ Kxb4 45. Bd5 Bb5+ 46. Kd2 Bf1 47. Be6 Bc4 48. Bd7 Ba2 49. Bc8 Bc4 50. Bb7 Bb5 51. Bd5 Bf1 52. Be6 Bc4 53. Bc8 Bb5 54. Be6 Bc6 55. Kd3 Bb5+ 56. Kd2 Ba6 57. Bd5 Bc4 58. Bb7 Bb5 59. Bd5 1/2-1/2


[Site "https://www.chess.com"]

[Event "Titled Tuesday Blitz July 11 Early 2023"]
[White "Palczert, Matyas"]
[Black "Skuhala, Barbara"]
[WhiteFideId "784958"]
[BlackFideId "14605465"]
[WhiteElo "2599"]
[BlackElo "2331"]
[Result "0-1"]
[Round "2"]
[TimeControl "180+2"]
[Date "2023.07.11"]
[WhiteClock "0:00:01"]
[BlackClock "0:00:35"]
[Board "115"]

1. e4 c5 2. Nf3 d6 3. d4 cxd4 4. Nxd4 Nf6 5. Nc3 a6 6. Qf3 e5 7. Nf5 Bxf5 8. Qxf5 Nbd7 9. Be3 Be7 10. O-O-O Rc8 11. g4 h6 12. Nd5 Nxd5 13. exd5 Qc7 14. Bd3 Nc5 15. Bxc5 Qxc5 16. h4 g6 17. Qf3 a5 18. h5 g5 19. Qf5 a4 20. Bb5+ Kf8 21. Bxa4 Ra8 22. Bb3 Qb4 23. Rh3 Qf4+ 24. Qxf4 gxf4 25. Rc3 Bd8 26. f3 Rg8 27. Bc4 Rg5 28. a3 f5 29. gxf5 Rxh5 30. Bd3 Rh2 31. Be4 h5 32. Rb3 b6 33. Rc3 h4 34. Rc6 Ke7 35. Rg1 h3 36. f6+ Kf8 37. Bh7 Rg2 38. Rd1 h2 39. Rxd6 Rg1 0-1


[Site "https://www.chess.com"]

[Event "Titled Tuesday Blitz July 11 Early 2023"]
[White "Kim, Sergey"]
[Black "Slavin, Alexey"]
[WhiteFideId "13700570"]
[BlackFideId "24104388"]
[WhiteElo "2593"]
[BlackElo "2351"]
[Result "0-1"]
[Round "2"]
[TimeControl "180+2"]
[Date "2023.07.11"]
[WhiteClock "0:00:02"]
[BlackClock "0:00:13"]
[Board "116"]

1. d4 Nc6 2. c4 e5 3. d5 Nce7 4. Nc3 Ng6 5. e4 Bc5 6. g3 Nf6 7. Bg2 a6 8. Nge2 d6 9. O-O O-O 10. Qd3 Bd7 11. Be3 Bxe3 12. Qxe3 Ng4 13. Qd2 f5 14. h3 Nf6 15. exf5 Bxf5 16. Qe3 b6 17. b4 Qc8 18. Kh2 a5 19. a3 Ne7 20. f4 Ng6 21. c5 axb4 22. axb4 Rxa1 23. Rxa1 bxc5 24. bxc5 Re8 25. fxe5 Nxe5 26. Qg5 Bxh3 27. Bxh3 Nf3+ 28. Kg2 Qxh3+ 29. Kxh3 Nxg5+ 30. Kg2 dxc5 31. Ra5 Nge4 32. Nxe4 Rxe4 33. Kf3 Rc4 34. Nf4 g5 35. Ne6 Nxd5 36. Nxg5 Kg7 37. Ne6+ Kf6 38. Nxc5 Rc3+ 39. Kf2 Ke5 40. Nd7+ Kd4 41. Nf8 h5 42. Ne6+ Ke5 43. Ng5 c5 44. Nf3+ Ke4 45. Ra4+ c4 46. Nd2+ Kd3 47. Nf3 Nb4 48. Ne5+ Ke4 49. Ng6 Nd3+ 50. Kg2 Rc2+ 51. Kh3 Kd4 52. Kh4 Nc5 53. Rb4 Ne4 54. Nf4 Rc3 55. Nxh5 Kd3 56. Nf4+ Kd2 57. Nd5 Rc1 58. Nf4 c3 59. Rxe4 c2 60. Rd4+ Kc3 61. Rd3+ Kc4 62. Rd2 Rh1+ 63. Kg4 c1=Q 64. Re2 Re1 65. Rxe1 Qxe1 66. Kf5 Kd4 67. g4 Qe4+ 68. Kg5 Qe5+ 0-1


[Site "https://www.chess.com"]

[Event "Titled Tuesday Blitz July 11 Early 2023"]
[White "Kiselev, Pavel"]
[Black "Yurovskykh, Oleksandr"]
[WhiteFideId "4191102"]
[BlackFideId "14134020"]
[WhiteElo "2229"]
[BlackElo "2550"]
[Result "1/2-1/2"]
[Round "2"]
[TimeControl "180+2"]
[Date "2023.07.11"]
[WhiteClock "0:00:12"]
[BlackClock "0:00:08"]
[Board "117"]

1. Nf3 Nf6 2. c4 c6 3. d4 d5 4. e3 Bf5 5. Bd3 Bxd3 6. Qxd3 e6 7. O-O Nbd7 8. b3 Bd6 9. Bb2 O-O 10. Nbd2 Qe7 11. e4 dxe4 12. Nxe4 Ba3 13. Bc3 Nxe4 14. Qxe4 Nf6 15. Qe3 Rfd8 16. Rad1 a5 17. Ne5 a4 18. Qf3 axb3 19. axb3 Bb4 20. Bb2 Ra2 21. Rb1 Rda8 22. h3 Nd7 23. Nd3 Bd6 24. Rfe1 Qf6 25. Qe3 Qf5 26. Qe4 Qxe4 27. Rxe4 b5 28. c5 Bc7 29. g3 Nf6 30. Ree1 Nd5 31. Ra1 Kf8 32. Rxa2 Rxa2 33. Ra1 Rxa1+ 34. Bxa1 f6 35. Kf1 Ba5 36. Ke2 Ke7 37. f4 Bc3 38. Bb2 Ba5 39. g4 Bc7 40. Kf3 f5 41. Ne5 Bxe5 42. dxe5 Kf7 43. Bc1 Kg6 44. Bd2 Kf7 45. b4 g6 46. g5 Kg7 47. h4 h6 48. Kg3 Ne7 49. Kf3 Nd5 50. Kg3 Nc7 51. Kf3 Ne8 52. Kg3 Kh7 53. Kf3 Ng7 54. Kg3 Nh5+ 55. Kf3 Kg7 56. Be3 Kf7 57. Bd2 Ng7 58. Bc3 Ne8 59. Bd2 Nc7 60. Kg3 Nd5 61. Kf3 Kg7 1/2-1/2


[Site "https://www.chess.com"]

[Event "Titled Tuesday Blitz July 11 Early 2023"]
[White "musclemonster12"]
[Black "Sariego Figueredo, Wilfredo"]
[BlackFideId "3500080"]
[WhiteElo "2550"]
[BlackElo "2209"]
[Result "1-0"]
[Round "2"]
[TimeControl "180+2"]
[Date "2023.07.11"]
[WhiteClock "0:01:53"]
[BlackClock "0:01:29"]
[Board "118"]

1. Nf3 d5 2. b3 Nf6 3. Bb2 Nc6 4. d4 e6 5. e3 Be7 6. a3 O-O 7. Bd3 Ne4 8. Nbd2 f5 9. O-O Bd6 10. Ne5 Bxe5 11. dxe5 a6 12. b4 Kh8 13. f3 Nxd2 14. Qxd2 b5 15. a4 Rb8 16. axb5 axb5 17. Bd4 Bd7 18. c3 Rg8 19. Bc2 g5 20. e4 dxe4 21. fxe4 Nxd4 22. cxd4 f4 23. d5 Qe7 24. Qd4 c6 25. Ra7 Qe8 1-0


[Site "https://www.chess.com"]

[Event "Titled Tuesday Blitz July 11 Early 2023"]
[White "Matute Escobar, Roxanny"]
[Black "Malyi, Viacheslav"]
[WhiteFideId "3926028"]
[BlackFideId "14123983"]
[WhiteElo "2200"]
[BlackElo "2547"]
[Result "1/2-1/2"]
[Round "2"]
[TimeControl "180+2"]
[Date "2023.07.11"]
[WhiteClock "0:00:07"]
[BlackClock "0:00:05"]
[Board "119"]

1. e4 e5 2. Nf3 Nc6 3. Bc4 Bc5 4. b4 Bxb4 5. c3 Be7 6. d4 Na5 7. Be2 exd4 8. Qxd4 Nf6 9. e5 Nc6 10. Qc4 d5 11. exd6 Bxd6 12. Bg5 O-O 13. O-O h6 14. Bh4 Ne5 15. Nxe5 Bxe5 16. Rd1 Qe7 17. Nd2 Be6 18. Qb5 Bxc3 19. Rac1 Qb4 20. Qxb4 Bxb4 21. Bxf6 Bxd2 22. Rxd2 gxf6 23. Rxc7 Rfc8 24. Rxb7 Rc1+ 25. Rd1 Rxd1+ 26. Bxd1 Bxa2 27. Bf3 a5 28. g3 Rc8 29. Ra7 Rc5 30. Kf1 Kg7 31. Ke2 Re5+ 32. Kd3 Be6 33. Kd4 Bb3 34. Bc6 h5 35. f4 Re2 36. Rxa5 Rxh2 37. Bf3 Rh3 38. Rxh5 Rxg3 39. Be4 Be6 40. Ra5 Rg4 41. Ke3 Rg3+ 42. Kd4 Bg4 43. Bd5 Bh3 44. Ra7 Bf1 45. Rxf7+ Kg6 46. Ra7 Rd3+ 47. Kc5 Rd2 48. Be4+ Kh5 49. Rh7+ Kg4 50. Rf7 Rf2 51. Rxf6 Rxf4 52. Rxf4+ Kxf4 1/2-1/2


[Site "https://www.chess.com"]

[Event "Titled Tuesday Blitz July 11 Early 2023"]
[White "Djabri, Massinas"]
[Black "Atanasov, Radislav"]
[WhiteFideId "7905726"]
[BlackFideId "2901471"]
[WhiteElo "2534"]
[BlackElo "2191"]
[Result "0-1"]
[Round "2"]
[TimeControl "180+2"]
[Date "2023.07.11"]
[WhiteClock "0:00:00"]
[BlackClock "0:00:21"]
[Board "120"]

1. e4 e5 2. Nf3 Nc6 3. Bc4 Nf6 4. O-O Nxe4 5. Re1 d5 6. Bb5 Bc5 7. d4 exd4 8. Nxd4 Qf6 9. Be3 O-O 10. Bxc6 bxc6 11. c3 a5 12. Nd2 a4 13. Qf3 Qxf3 14. N2xf3 Bd7 15. Rac1 a3 16. b3 Rae8 17. Kf1 f5 18. Bf4 Bd6 19. Bxd6 cxd6 20. c4 dxc4 21. Rxc4 c5 22. Ne2 d5 23. Rcc1 d4 24. Nf4 Bb5+ 25. Kg1 Nc3 26. Ne6 Ne2+ 27. Rxe2 Bxe2 28. Nxf8 Kxf8 29. Rxc5 d3 30. Rxf5+ Kg8 31. Rd5 Rc8 32. h4 Rc1+ 33. Kh2 Rc2 34. Ne5 h5 35. Nxd3 Rxa2 36. Nf4 Bg4 37. Nxh5 Rxf2 38. Rg5 a2 39. Rxg7+ Kf8 40. Ra7 Bxh5 41. Kg3 Rb2 42. Kf4 Rxg2 43. Ke3 Bf7 44. Kd3 Bxb3 45. Kc3 Bf7 46. Ra4 Kg7 47. Ra6 Bg6 48. Kb3 Bf7+ 49. Kc3 Kh7 50. Ra7 Kg8 51. Ra6 Rg1 52. Kb2 Rb1+ 53. Kc2 a1=Q 54. Rxa1 Rxa1 0-1


[Site "https://www.chess.com"]

[Event "Titled Tuesday Blitz July 11 Early 2023"]
[White "Chen, Max"]
[Black "Horokoskii"]
[WhiteFideId "2622440"]
[WhiteElo "2529"]
[BlackElo "2130"]
[Result "1-0"]
[Round "2"]
[TimeControl "180+2"]
[Date "2023.07.11"]
[WhiteClock "0:01:34"]
[BlackClock "0:01:30"]
[Board "121"]

1. e4 e6 2. Qe2 e5 3. Nf3 Nc6 4. g3 Nf6 5. Bg2 Bc5 6. O-O O-O 7. c3 a5 8. Rd1 d6 9. d4 Ba7 10. dxe5 Ne8 11. Bg5 f6 12. exf6 gxf6 13. Bh6 Rf7 14. Na3 Bg4 15. h3 Bh5 16. g4 Bg6 17. Nh4 Ng7 18. e5 fxe5 19. Nxg6 Rxf2 20. Bd5+ Rf7+ 21. Kg2 hxg6 22. Rf1 1-0


[Site "https://www.chess.com"]

[Event "Titled Tuesday Blitz July 11 Early 2023"]
[White "Lakshmi C"]
[Black "Fiorito, Francisco"]
[WhiteFideId "25035347"]
[BlackFideId "180165"]
[WhiteElo "2105"]
[BlackElo "2527"]
[Result "0-1"]
[Round "2"]
[TimeControl "180+2"]
[Date "2023.07.11"]
[WhiteClock "0:00:00"]
[BlackClock "0:02:23"]
[Board "122"]

1. e4 c5 2. Nf3 Nc6 3. d4 cxd4 4. Nxd4 g6 5. Nc3 Bg7 6. Be3 Nf6 7. Bc4 O-O 8. Bb3 Re8 9. O-O d6 10. h3 Na5 11. Ba4 Bd7 12. Bb3 Rc8 13. Qf3 Nc4 14. Nd5 Nxd5 15. exd5 Nxe3 16. fxe3 Rf8 17. c3 b5 18. Ne2 a5 19. Bc2 b4 20. Bd3 bxc3 21. bxc3 Qc7 22. Rac1 Qc5 23. c4 a4 24. Bb1 a3 25. Kh1 Rb8 26. Nf4 Rb2 27. Nd3 Qb6 28. Nxb2 Qxb2 29. Rcd1 Ba4 30. Rde1 Qb4 31. Qe2 Be5 32. Bd3 Qc5 33. Rb1 Bb2 34. Qf3 Be8 35. Qe4 Qc7 36. Rf4 f6 37. Rbf1 Bf7 38. R4f2 Rb8 39. Qg4 Be5 0-1


[Site "https://www.chess.com"]

[Event "Titled Tuesday Blitz July 11 Early 2023"]
[White "Hrescak, Ivana"]
[Black "Nihal Sarin"]
[WhiteFideId "14613441"]
[BlackFideId "25092340"]
[WhiteElo "2122"]
[BlackElo "3030"]
[Result "0-1"]
[Round "2"]
[TimeControl "180+2"]
[Date "2023.07.11"]
[WhiteClock "0:00:05"]
[BlackClock "0:02:12"]
[Board "123"]

1. e4 e5 2. Nf3 Nc6 3. d4 exd4 4. Nxd4 Nf6 5. Nc3 Bb4 6. Nxc6 bxc6 7. Bd3 O-O 8. O-O d5 9. exd5 cxd5 10. h3 h6 11. Qf3 Rb8 12. Bf4 Rb6 13. Ne2 Bb7 14. Nd4 c5 15. Nf5 c4 16. Be2 Ne4 17. Be5 Rg6 18. h4 d4 19. Bxd4 Nd6 0-1


[Site "https://www.chess.com"]

[Event "Titled Tuesday Blitz July 11 Early 2023"]
[White "Tahbaz, Arash"]
[Black "Kielinkei"]
[WhiteFideId "12528846"]
[WhiteElo "2943"]
[BlackElo "2408"]
[Result "1-0"]
[Round "2"]
[TimeControl "180+2"]
[Date "2023.07.11"]
[WhiteClock "0:00:34"]
[BlackClock "0:00:00"]
[Board "124"]

1. Nf3 d5 2. g3 Nf6 3. Bg2 c6 4. O-O Bg4 5. d3 Nbd7 6. c4 e6 7. cxd5 cxd5 8. Nc3 Be7 9. Be3 O-O 10. Qb3 b6 11. Nd4 Rc8 12. f4 Nc5 13. Qd1 Bd6 14. h3 Bh5 15. Qd2 Qd7 16. g4 Bg6 17. Nf3 Qe7 18. Bd4 Nfd7 19. Rac1 f6 20. b4 Na6 21. a3 Bf7 22. Nb5 Bb8 23. Bb2 Nc7 24. Nbd4 Qd6 25. Nc6 b5 26. Nfd4 Nb6 27. Nxb8 Rxb8 28. Rc6 Qd7 29. Rfc1 Rfc8 30. g5 Ne8 31. gxf6 Nxf6 32. R1c2 Rxc6 33. Nxc6 Rc8 34. Ne5 Qe8 35. Bd4 Nfd7 36. Nc6 a6 37. Qe3 Nc4 38. Qg3 g6 39. Na7 Rc7 40. dxc4 bxc4 41. e4 e5 42. fxe5 dxe4 43. Bxe4 Be6 44. Rf2 Qe7 45. Nc6 Qg7 46. Qg5 Nf8 47. Qd8 Rf7 48. Rf6 1-0


[Site "https://www.chess.com"]

[Event "Titled Tuesday Blitz July 11 Early 2023"]
[White "Makarian, Rudik"]
[Black "Glavina, Pablo"]
[WhiteFideId "44105681"]
[BlackFideId "100234"]
[WhiteElo "2936"]
[BlackElo "2406"]
[Result "1-0"]
[Round "2"]
[TimeControl "180+2"]
[Date "2023.07.11"]
[WhiteClock "0:00:51"]
[BlackClock "0:00:43"]
[Board "125"]

1. d4 d5 2. c4 Nf6 3. Nf3 e6 4. g3 Be7 5. Bg2 O-O 6. O-O b6 7. Qc2 Bb7 8. cxd5 exd5 9. Nc3 c5 10. Bf4 Nc6 11. Rfd1 Rc8 12. dxc5 bxc5 13. Ne5 d4 14. Nxc6 Bxc6 15. Bxc6 Rxc6 16. e3 Qb6 17. Na4 Qb5 18. b3 dxe3 19. Bxe3 Rfc8 20. Qc4 Qxc4 21. bxc4 Ra6 22. Nc3 Ra3 23. Rac1 h6 24. Kg2 Ng4 25. Bd2 Bf6 26. h3 Ne5 27. Nd5 Rxa2 28. Bc3 a5 29. Bxe5 Bxe5 30. Ne7+ Kf8 31. Nxc8 Bd4 32. Rxd4 cxd4 33. Rd1 a4 34. Rxd4 g5 35. Nb6 a3 36. c5 Rc2 37. Ra4 a2 38. Ra7 Kg7 39. Nd7 Kg6 40. c6 Kf5 41. Nb8 Ke6 42. c7 Rxc7 43. Rxa2 Kf6 44. Ra6+ Kg7 45. Nc6 f6 46. Nd4 Kg6 47. g4 Rd7 48. Nf5 Rd3 49. Ra7 h5 50. Rg7# 1-0


[Site "https://www.chess.com"]

[Event "Titled Tuesday Blitz July 11 Early 2023"]
[White "Vokhidov, Shamsiddin"]
[Black "Tymrakiewicz, Rafal"]
[WhiteFideId "14204223"]
[BlackFideId "1108832"]
[WhiteElo "2923"]
[BlackElo "2406"]
[Result "1-0"]
[Round "2"]
[TimeControl "180+2"]
[Date "2023.07.11"]
[WhiteClock "0:02:30"]
[BlackClock "0:00:02"]
[Board "126"]

1. e4 Nf6 2. Nc3 d5 3. exd5 Nxd5 4. Qf3 c6 5. Bc4 Be6 6. Bb3 g6 7. Nge2 Bg7 8. d4 O-O 9. O-O Nxc3 10. bxc3 Bxb3 11. axb3 Nd7 12. Ba3 Re8 13. Rad1 e6 14. c4 a5 15. Ng3 Nf6 16. Rfe1 a4 17. Bb4 axb3 18. cxb3 Bf8 19. Bxf8 Rxf8 20. h3 Ra3 21. Rd3 Kg7 22. Ne2 Qd6 23. Nf4 b5 24. c5 Qc7 25. g3 Nd5 26. Nxd5 cxd5 27. b4 Ra4 28. Rb3 Rfa8 29. Qe2 Rb8 30. h4 h5 31. Kg2 Kg8 32. Qd2 Rba8 33. Qd3 Qe7 34. Qxb5 Qf6 35. Qd3 Ra2 36. Qe3 Rc2 37. Rc3 Rb2 38. Rb3 Rc2 39. Rc1 Rxc1 40. Qxc1 Qxd4 41. c6 Ra2 42. Qe3 Qxe3 43. Rxe3 Rc2 44. b5 d4 45. Rb3 e5 46. b6 e4 47. b7 e3 48. b8=Q+ Kh7 49. Qf4 1-0


[Site "https://www.chess.com"]

[Event "Titled Tuesday Blitz July 11 Early 2023"]
[White "Stork, Oliver"]
[Black "Antipov, Mikhail Al."]
[WhiteFideId "12955728"]
[BlackFideId "4107012"]
[WhiteElo "2405"]
[BlackElo "2891"]
[Result "0-1"]
[Round "2"]
[TimeControl "180+2"]
[Date "2023.07.11"]
[WhiteClock "0:00:09"]
[BlackClock "0:02:08"]
[Board "127"]

1. e4 c5 2. Nf3 d6 3. Nc3 Nf6 4. d4 cxd4 5. Nxd4 a6 6. Qd3 Nbd7 7. Be2 e6 8. O-O Qc7 9. Qg3 b5 10. a3 Bb7 11. Bf3 h5 12. h4 Be7 13. Rd1 Ne5 14. Bf4 Nfg4 15. Bxg4 hxg4 16. Bg5 Rd8 17. Re1 Bxg5 18. hxg5 Qe7 19. f4 gxf3 20. Nxf3 Rh5 21. Nxe5 dxe5 22. Qxe5 Rxg5 23. Qf4 Qc5+ 24. Qf2 Rd2 25. Qxc5 Rxc5 26. Re2 Rxe2 27. Nxe2 Rxc2 0-1


[Site "https://www.chess.com"]

[Event "Titled Tuesday Blitz July 11 Early 2023"]
[White "Beerdsen, Thomas"]
[Black "Villuendas Valero, Adrian"]
[WhiteFideId "1030108"]
[BlackFideId "2262460"]
[WhiteElo "2826"]
[BlackElo "2399"]
[Result "1-0"]
[Round "2"]
[TimeControl "180+2"]
[Date "2023.07.11"]
[WhiteClock "0:02:52"]
[BlackClock "0:00:21"]
[Board "128"]

1. a4 Nf6 2. Ra3 e6 3. Rg3 Nc6 4. e3 d5 5. b3 Ne4 6. Bb2 Nxg3 7. hxg3 e5 8. Bb5 Bd6 9. Qh5 g6 10. Qh6 Bf8 11. Qh2 Bg7 12. g4 d4 13. Nf3 Qf6 14. exd4 exd4 15. Bxd4 Qe7+ 16. Kf1 Bxd4 17. Nxd4 Bd7 18. Qxc7 Nxd4 19. Bxd7+ Qxd7 20. Qe5+ Qe7 21. Qxh8+ Kd7 22. Qxd4+ Kc7 23. Nc3 Rd8 24. Nd5+ 1-0


[Site "https://www.chess.com"]

[Event "Titled Tuesday Blitz July 11 Early 2023"]
[White "Goltsev, Dmitry"]
[Black "Gaal, Zsoka"]
[WhiteFideId "24176710"]
[BlackFideId "777765"]
[WhiteElo "2764"]
[BlackElo "2398"]
[Result "1-0"]
[Round "2"]
[TimeControl "180+2"]
[Date "2023.07.11"]
[WhiteClock "0:00:09"]
[BlackClock "0:00:02"]
[Board "129"]

1. e4 Nf6 2. e5 Nd5 3. d4 d6 4. c4 Nb6 5. exd6 cxd6 6. Nc3 g6 7. Nf3 Bg7 8. Bd3 Bg4 9. Be3 O-O 10. O-O Nc6 11. c5 dxc5 12. dxc5 Bxf3 13. Qxf3 Ne5 14. Qxb7 Nxd3 15. cxb6 Nxb2 16. Nd5 axb6 17. Bxb6 Qb8 18. Qxe7 Nc4 19. Bc5 Qd8 20. Rad1 Qxe7 21. Bxe7 Kh8 22. Bxf8 Bxf8 23. Rc1 Nd2 24. Rfd1 Rxa2 25. Ne3 Ne4 26. Rc2 Ra8 27. Rdc1 Kg7 28. g3 Be7 29. Nd5 Bg5 30. f4 Ra5 31. Nc3 Nxc3 32. Rxc3 Bf6 33. Rc7 Ra2 34. Rd1 Rb2 35. Rdd7 Kg8 36. Rxf7 Bd4+ 37. Kh1 Rb1+ 38. Kg2 Rb2+ 39. Kf3 Rxh2 40. Rfd7 Bf6 41. Rc8+ 1-0


[Site "https://www.chess.com"]